 Dungeon Crawl Stone Soup version 0.21-a0-417-g0adc95b (webtiles) character file.

291 theanonym the Skirmisher (level 6, -8/49 HPs)
             Began as a Formicid Abyssal Knight on Nov 4, 2017.
             Was a Believer of Lugonu.
             Mangled by a gnoll
             ... wielding a +0 halberd
              (13 damage)
             ... on level 2 of the Dungeon.
             The game lasted 00:05:48 (2281 turns).

theanonym the Skirmisher (Formicid Abyssal Knight)  Turns: 2281, Time: 00:05:49

Health: -8/49      AC:  3    Str: 19    XL:     6   Next: 58%
Magic:  8/8        EV: 17    Int: 11    God:    Lugonu [**....]
Gold:   145        SH:  0    Dex: 15    Spells: 5/5 levels left

rFire    . . .     SeeInvis +   a - +1 hand axe
rCold    . . .     Gourm    .   (no shield)
rNeg     . . .     Faith    .   j - +0 leather armour (curse)
rPois    .         Spirit   .   (helmet unavailable)
rElec    .         Reflect  .   (no cloak)
rCorr    .         Harm     .   (no gloves)
MR       .....                  (no boots)
Stlth    ++........             (no amulet)
HPRegen  0.16/turn              (no ring)
MPRegen  0.11/turn              (no ring)

@: agile
A: permanent stasis, dig shafts and tunnels, four strong arms, antennae 3
a: Dig, Shaft Self, Depart the Abyss, Bend Space, Renounce Religion


You were on level 2 of the Dungeon.
You worshipped Lugonu.
Lugonu was pleased with you.
You were not hungry.

You visited 1 branch of the dungeon, and saw 3 of its levels.
You visited the Abyss 1 time.

You collected 145 gold pieces.

Inventory:

Hand Weapons
 a - a +1 hand axe (weapon)
Armour
 j - a cursed +0 leather armour (worn)
   (You found it on level 2 of the Dungeon)
 l - a +0 shield
   (You found it on level 2 of the Dungeon)
Scrolls
 d - 2 scrolls of remove curse {unknown}
 e - 3 scrolls of teleportation {unknown}
 f - a scroll of noise {unknown}
 g - 2 scrolls of enchant armour {unknown}
 i - a scroll of amnesia {unknown}
Comestibles
 c - 2 bread rations
 h - 3 chunks of flesh


   Skills:
 + Level 4.3 Fighting
 * Level 4.1 Axes
 + Level 3.3 Armour
 - Level 2.1 Dodging
 + Level 0.4 Shields
 + Level 3.6 Invocations


You had 5 spell levels left.
You didn't know any spells.

Dungeon Overview and Level Annotations

Branches:
Dungeon (3/15)

Altars:
Okawaru
The Shining One

Annotations:
D:3 Grinder, Robin


Innate Abilities, Weirdness & Mutations

You cannot be hasted, slowed, berserked, paralysed or teleported.
You can dig through walls and to a lower floor.
Your four strong arms can wield two-handed weapons with a shield.
You have a pair of large antennae on your head. (SInv)


Message History

You hit the gnoll.
The gnoll hits you from afar with a spear.
The gnoll misses you.
You take 3 damage, and have 33/48 hp.
The gnoll barely misses you.
You climb upwards.
There is a stone staircase leading down here.
Things that are here:
a dagger; a goblin corpse You hit the gnoll.
The gnoll barely misses you.
You barely miss the gnoll. The gnoll hits you with a club.
You take 4 damage, and have 29/48 hp.
You barely miss the gnoll. The gnoll closely misses you.
You hit the gnoll.
You kill the gnoll!
Lugonu accepts your kill.
No target in view!
You butcher the gnoll corpse.
h - 7 chunks of flesh (gained 3)
You see here a club.
Some of the chunks of flesh in your inventory have rotted away.
You see here a club.
There is a stone staircase leading down here.
You start resting.
Health restored: 48 You climb downwards.
Level annotation: Grinder, Robin A bat comes into view.
The goblin shouts!
You hear a shout! x2
Grinder blinks!
Found a scroll labeled IPSOPTALAA, 13 gold pieces and 17 poisoned needles.
Found an iron altar of Okawaru.
There is a stone staircase leading up here.
Grinder blinks!
You climb upwards.
There is a stone staircase leading down here.
There is a stone staircase leading down here.
Things that are here:
a dagger; a goblin skeleton You climb downwards.
Level annotation: Grinder, Robin The orc shouts! x2; The gnoll shouts! x2
The gnoll hits you but does no damage.
There is a stone staircase leading up, spattered with blood here.
The gnoll hits you from afar with a halberd!
The orc barely misses you. The gnoll misses you.
You climb upwards.
There is a stone staircase leading down here.
Things that are here:
a dagger; a goblin skeleton You take 6 damage, and have 42/48 hp.
You closely miss the orc. The orc closely misses you.
You hit the orc. The orc hits you but does no damage.
You barely miss the orc. The orc hits you.
You take 2 damage, and have 40/48 hp.
You hit the orc but do no damage. The orc hits you. x2
You take 3 damage, and have 37/48 hp.
You closely miss the orc. The orc barely misses you.
You hit the orc.
You kill the orc!
Lugonu accepts your kill.
No target in view!
No target in view!
You start resting.
Eating one of 6 chunks of flesh.
You eat one of the 6 chunks of flesh.
Health restored: 48 You climb downwards.
Level annotation: Grinder, Robin The orc closely misses you.
The gnoll hits you with a halberd! The orc closely misses you.
Some of the chunks of flesh in your inventory have rotted away.
There is a stone staircase leading up, spattered with blood here.
You take 10 damage, and have 38/48 hp.
MASSIVE DAMAGE!!
The gnoll hits you with a halberd.
The gnoll hits you from afar with a spear.
The orc hits you.
You climb upwards.
There is a stone staircase leading down here.
Things that are here:
a dagger; a goblin skeleton You take 4 damage, and have 34/48 hp.
You hit the orc. You closely miss the gnoll. The gnoll hits you with a halberd!
The orc hits you.
* * * LOW HITPOINT WARNING * * *
You take 12 damage, and have 22/48 hp.
MASSIVE DAMAGE!!
You hit the orc. You hit the gnoll but do no damage.
The gnoll hits you with a halberd!
* * * LOW HITPOINT WARNING * * *
The orc barely misses you.
You take 11 damage, and have 11/48 hp.
MASSIVE DAMAGE!!
It was a potion of agility.
You feel agile all of a sudden. The orc closely misses you.
The gnoll hits you with a halberd.
* * * LOW HITPOINT WARNING * * *
You take 6 damage, and have 5/48 hp.
You hit the orc.
You kill the orc!
Lugonu accepts your kill.
You hit the gnoll. The gnoll hits you with a halberd!
You die...

#.............................###
##.............)...##.........##.
#...>...........#..#.........#..
##..............................#
.................................
.#.....>.........####.........###
.##.............## #...........#
.........#.....)## ##.........#..
#####....###.#..@###..........###
..............#††g(.)##.......###
...........#....)..####.######...
....[.........##........######...
...........#.....#..............#
........<......................##
...............................#
...........#...(####.#........##
................# #.##.#.....#


You could see a gnoll.

Vanquished Creatures
  Sigmund (D:2)
  A bullfrog (D:2)
  A gnoll (D:2)
  2 adders
  An ooze (D:1)
  2 worms (D:2)
  A dart slug (D:1)
  2 orcs (D:2)
  A giant cockroach (D:2)
  10 goblins
  11 hobgoblins
  2 jackals (D:2)
  A quokka (D:2)
  3 bats (D:1)
  2 frilled lizards
  6 kobolds
  2 rats (D:2)
49 creatures vanquished.

Notes
Turn   | Place    | Note
-------+----------+-------------------------------------------
     0 | Abyss:1  | theanonym the Formicid Abyssal Knight began the quest for the Orb.
     0 | Abyss:1  | Reached XP level 1. HP: 18/18 MP: 2/2
    11 | D:1      | Escaped the Abyss
   142 | D:1      | Reached skill level 1 in Dodging
   185 | D:1      | Reached XP level 2. HP: 11/24 MP: 3/3
   477 | D:1      | Reached XP level 3. HP: 29/29 MP: 4/4
   916 | D:2      | Reached ** piety under Lugonu
   987 | D:2      | Reached XP level 4. HP: 25/36 MP: 6/6
  1136 | D:2      | Noticed a bullfrog
  1147 | D:2      | Killed a bullfrog
  1147 | D:2      | Reached skill level 3 in Axes
  1147 | D:2      | Reached skill level 3 in Invocations
  1147 | D:2      | Reached XP level 5. HP: 18/42 MP: 7/7
  1333 | D:2      | Noticed Sigmund
  1360 | D:2      | Killed Sigmund
  1360 | D:2      | Reached skill level 4 in Fighting
  1360 | D:2      | Reached skill level 4 in Axes
  1360 | D:2      | Reached skill level 3 in Armour
  1360 | D:2      | Reached skill level 2 in Dodging
  1360 | D:2      | Reached XP level 6. HP: 32/48 MP: 8/8
  1796 | D:2      | Found a glowing golden altar of the Shining One.
  1864 | D:3      | Noticed Robin
  1868 | D:3      | Noticed Grinder
  2190 | D:3      | Found an iron altar of Okawaru.
  2280 | D:2      | HP: 5/48 [gnoll/halberd (6)]
  2281 | D:2      | Mangled by a gnoll

Vault maps used:
D:1:      matt_arrival_diagonals
D:2:      lemuel_round_altar, first_bread, uniq_sigmund
D:3:      lemuel_crystal_altar, okawaru_ov_weapons_minmay, uniq_robin,
          uniq_grinder

Skill      XL: |  1  2  3  4  5 |
---------------+----------------+-----
Dodging        | 1 2 |  2.1
Axes           | 3 4 |  4.1
Invocations    | 3 |  3.6
Fighting       | 4 |  4.3
Armour         | 3 |  3.3
Shields        | |  0.4

Action                   |  1- 3 |  4- 6 || total
-------------------------+-------+-------++-------
Melee: Hand axe          |    87 |    87 ||   174
  Use: Potion            |       |     3 ||     3
  Eat: Chunk             |       |     5 ||     5
Armor: Leather armour    |    15 |    15 ||    30
       Skin              |       |     5 ||     5
Dodge: Dodged            |    56 |    69 ||   125

Table legend:
 A = Spawn XP
 B = Non-spawn XP
 C = Spawn XP percentage of total XP
 D = Spawn monster count
 E = Non-spawn monster count
 F = Spawn count percentage of total count
 G = Total turns spent on level
                    A         B        C        D         E        F      G
               +---------+---------+-------+---------+---------+-------+---------
         Total |       0 |     416 |   0.0 |       0 |      49 |   0.0 |  2281
               +---------+---------+-------+---------+---------+-------+---------
           D:1 |       0 |      47 |   0.0 |       0 |      17 |   0.0 |   837
           D:2 |       0 |     362 |   0.0 |       0 |      28 |   0.0 |  1365
           D:3 |       0 |       7 |   0.0 |       0 |       4 |   0.0 |    68
               +---------+---------+-------+---------+---------+-------+---------
